 Dungeon Crawl Stone Soup version 0.31-b1-22-gc680215f68 (webtiles) character file.

Game seed: 4626885446920361490

74 unlimited1921 the Magician (level 4, -6/31 HPs)
             Began as a Djinni Fire Elementalist on Jan 19, 2024.
             Mangled by an orc priest
             ... wielding a +0 flail
              (9 damage)
             ... on level 4 of the Dungeon.
             The game lasted 00:02:51 (2155 turns).

unlimited1921 the Magician (DjFE)                   Turns: 2155, Time: 00:02:52

Health: -6/31      AC:  2    Str:  7    XL:     4   Next: 54%
Gold:   106        EV: 13    Int: 18    God:
                   SH:  0    Dex: 14

rFire   + + .        (no weapon)
rCold   x . .        (no shield)
rNeg    . . .        a - +0 robe
rPois   ∞            (no helmet)
rElec   .            (no cloak)
rCorr   .            (no gloves)
SInv    +            (boots unavailable)
Will    .....        (no amulet)
Stlth   ++           (no ring)
HPRegen 0.25/turn    (no ring)
MPRegen 0.00/turn

%: infuse magic (-7 HP)
@: flying
A: sickness immunity, fire resistance 2, cold vulnerability 1, float, innate
caster, HP casting, extra vitality 1
a: no special abilities


You were on level 4 of the Dungeon.
You visited 1 branch of the dungeon, and saw 3 of its levels.

You collected 106 gold pieces.

Inventory:

Hand Weapons
 f - a +0 vampiric short sword
Armour
 a - a +0 robe (worn)
Talismans
 e - a maw talisman
Scrolls
 b - 4 scrolls of identify {unknown}
 d - a scroll of revelation


   Skills:
 + Level 0.1 Fighting
 + Level 3.1 Dodging
 + Level 2.9 Stealth
 + Level 3.5 Spellcasting
 + Level 3.5 Conjurations
 + Level 3.5 Hexes
 + Level 3.5 Summonings
 + Level 3.5 Necromancy
 + Level 3.5 Translocations
 + Level 3.5 Fire Magic
 + Level 3.5 Ice Magic
 + Level 3.5 Air Magic
 + Level 3.5 Earth Magic
 + Level 3.5 Alchemy


You knew the following spells:

 Your Spells              Type           Power      Damage    Failure   Level
a - Foxfire               Conj/Fire      60%        2x1d7     3%          1
b - Scorch                Fire           30%        2d6       5%          2
c - Volatile Blastmotes   Fire/Tloc      30%        2d12      11%         3
d - Inner Flame           Hex/Fire       15%        N/A       11%         3
e - Flame Wave            Conj/Fire      15%        2d7       36%         4
f - Sandblast             Erth           30%        2d9       3%          1
Your spell library was empty.

Dungeon Overview and Level Annotations

Branches:
Dungeon (4/15)
 Temple: D:4-7

Altars:


Innate Abilities, Weirdness & Mutations

You are immune to sickness and miasma.
You are immune to poison.
Your flesh is very heat resistant. (rF++)
You are vulnerable to cold. (rC-)
You float through the air rather than walking.
You learn spells naturally, not from books.
Your magical power is your life essence.
You have superior vitality. (+4 MHP)


Message History

The foxfire hits the orc.
You kill the orc!
Casting: Foxfire (safe; 3% risk of failure)
Confirm with . or Enter, or press ? or * to list all spells.
You conjure some foxfire!
You start resting.
Your foxfire dissipates!
You start resting.
Your foxfire dissipates!
You start resting.
An orc priest comes into view. It is wielding a +0 flail.
An orc priest is nearby!
Casting: Foxfire (safe; 3% risk of failure)
Confirm with . or Enter, or press ? or * to list all spells.
Flames lash the orc priest.
The orc priest is heavily wounded.
The orc priest's fire resistance burns away.
Casting: Scorch (safe; 5% risk of failure)
Confirm with . or Enter, or press ? or * to list all spells.
Flames lash the orc priest.
The orc priest is heavily wounded.
The orc priest hits you with a +0 flail.
* * * LOW HITPOINT WARNING * * *
Casting: Scorch (safe; 5% risk of failure)
Confirm with . or Enter, or press ? or * to list all spells.
Flames lash the orc priest.
The orc priest is burned terribly!
The orc priest is severely wounded.
* * * LOW HITPOINT WARNING * * *
The orc priest looks encouraged for a moment.
An orc comes into view. It is wielding a +0 short sword.
As you read the scroll labelled JAUGEGREUR, it crumbles to dust.
You hear a loud clanging noise!
It was a scroll of noise.
You hear an angry hiss.
As you read the scroll labelled AKKUOP TUAWK, it crumbles to dust.
You feel aware of your surroundings.
You sensed 1 altar.
It was a scroll of revelation.
An orc comes into view. It is wielding a +0 hand axe.
The orc priest hits you with a +0 flail!
You die...

*,* *,* *,*####.##########
*,*####.##########
*,*####.##########*********
*,*#....>.........,,,,,,,,,
*,*#.####..#######********,
*,*#......o....### ***+
*,*########o.#.### *,,,
*,*#######@o))..## *,,,
*,*#######.#.#..##******,,,
*,*#######.#.#.....,,,,+,,,
*,*#######.#.##.####****,,,
*,*#######.#.#....,,,,,,,,,
*,,........#.#.###*****,,,,
***#########.#.### *,***
##........#.### *,***
*,**,,,,,,,* *,,,,


You could see an orc priest (combustible) and 2 orcs.

Vanquished Creatures
  An orc wizard (D:4)
  A gnoll (D:1)
  An adder (D:2)
  3 orcs (D:4)
  3 ball pythons (D:1)
  3 bats
  2 endoplasms
  A giant cockroach (D:2)
  4 hobgoblins
  2 kobolds
  A frilled lizard (D:1)
  2 goblins (D:2)
  3 rats (D:1)
27 creatures vanquished.

Vanquished Creatures (others)
  134 foxfires
134 creatures vanquished.

Grand Total: 161 creatures vanquished

Notes
Turn   | Place    | Note
-------+----------+-------------------------------------------
     0 | D:1      | unlimited1921 the Djinni Fire Elementalist began the quest
                  | for the Orb.
     0 | D:1      | unlimited1921 set off with the following spells memorised:
                  | Foxfire, Scorch, Volatile Blastmotes, Inner Flame, Flame
                  | Wave.
     0 | D:1      | Reached XP level 1. HP: 15/15 MP: 0/0
   357 | D:1      | Reached XP level 2. HP: 17/21 MP: 0/0
  1022 | D:1      | Reached XP level 3. HP: 4/25 MP: 0/0
  1022 | D:1      | Learned a level 1 spell: Sandblast
  1996 | D:2      | You are sucked into a shaft and drop 2 floors!
  2126 | D:4      | Reached XP level 4. HP: 16/31 MP: 0/0
  2155 | D:4      | Mangled by an orc priest

Illustrated notes

Levels and vault maps discovered:
D:1:      denvon_arrival_planthouse, layout_rooms, chequers_decorated_corner
D:2:      layout_basic, basic_altar, serial_shops, shop
D:4:      layout_basic, nemelex_dance_club_becter, gammafunk_ghost_icy

Skill      XL: |  1  2  3 |
---------------+----------+-----
Stealth        | 2 |  2.9
Dodging        | 3 |  3.1
Fighting       | |  0.1
Spellcasting   | |  3.5
Conjurations   | |  3.5
Hexes          | |  3.5
Summonings     | |  3.5
Necromancy     | |  3.5
Translocations | |  3.5
Fire Magic     | |  3.5
Ice Magic      | |  3.5
Air Magic      | |  3.5
Earth Magic    | |  3.5
Alchemy        | |  3.5

Action                     |  1- 3 |  4- 6 || total
---------------------------+-------+-------++-------
   Cast: Foxfire           |    80 |     6 ||    86
         Scorch            |     6 |     4 ||    10
    Use: Scroll            |       |     2 ||     2
 Armour: Robe              |     8 |     2 ||    10
  Dodge: Dodged            |    11 |       ||    11
